 Dungeon Crawl Stone Soup version 0.29-a0-789-g7a8fcbc185 (webtiles) character file.

Game seed: 4825990423514353768

84 adelrune the Shooter (level 4, -2/28 HPs)
             Began as a Tengu Hunter on July 2, 2022.
             Was a Follower of Trog.
             Slain by Robin
             ... wielding a +0 mace
              (7 damage)
             ... on level 2 of the Dungeon.
             The game lasted 00:06:31 (2035 turns).

adelrune the Shooter (Tengu Hunter)                 Turns: 2035, Time: 00:06:32

Health: -2/28      AC:  7    Str: 11    XL:     4   Next: 45%
Magic:  14/14      EV: 12    Int:  9    God:    Trog [*.....]
Gold:   94         SH:  0    Dex: 20    Spells: 3/3 levels left

rFire   . . .      SeeInvis .   a - +0 shortbow
rCold   . . .      Faith    .   (shield currently unavailable)
rNeg    . . .      Spirit   .   c - +0 leather armour
rPois   .          Reflect  .   (helmet restricted)
rElec   .          Harm     .   (no cloak)
rCorr   .          Rampage  .   (no gloves)
Will    .....                   (boots unavailable)
Stlth   ++........              (no amulet)
HPRegen 0.09/turn               f - +4 ring of protection
MPRegen 0.14/turn               g - ring of magical power

@: no status effects
A: beak, talons 3
a: Renounce Religion, Berserk


You were on level 2 of the Dungeon.
You worshipped Trog.
Trog was aware of your devotion.
You visited 1 branch of the dungeon, and saw 2 of its levels.

You collected 94 gold pieces.

Inventory:

Hand Weapons
 a - a +0 shortbow (weapon)
Armour
 c - a +0 leather armour (worn)
Jewellery
 f - a +4 ring of protection (left hand)
 g - a ring of magical power (right hand)
Scrolls
 b - 2 scrolls of immolation
 e - a scroll of brand weapon {unknown}
 k - a scroll of teleportation {unknown}
 l - a scroll of identify {unknown}
 m - a scroll of summoning {unknown}
Potions
 d - 2 potions of curing {unknown}
 h - a potion of might {unknown}
 i - a potion of degeneration {unknown}
 j - 2 potions of attraction {unknown}


   Skills:
 + Level 3.0 Fighting
 * Level 5.8 Ranged Weapons
 - Level 2.1 Dodging
 - Level 1.0 Stealth


You had 3 spell levels left.
You didn't know any spells.
Your spell library was empty.

Dungeon Overview and Level Annotations

Branches:
Dungeon (2/15)

Altars:
Trog

Annotations:
D:2 Robin, Sigmund


Innate Abilities, Weirdness & Mutations

You have a beak for a mouth.
You have claws for feet.


Message History

Trog accepts your kill.
Robin roars a battlecry!
The goblins go into a battle-frenzy!
The goblin hits you with a +0 club.
You shoot an arrow. The arrow hits the goblin!
You kill the goblin!
Trog accepts your kill.
You shoot an arrow.
The arrow hits the hobgoblin but does no damage.
The hobgoblin hits you.
You shoot an arrow. The arrow hits the hobgoblin.
The hobgoblin is moderately wounded.
The hobgoblin hits you. Robin throws the goblin at you!
You shoot an arrow. The arrow hits the hobgoblin.
You kill the hobgoblin!
Trog accepts your kill.
The goblin barely misses you. x2; Robin hits you with a +0 mace.
You are too injured to fight recklessly!
You are too injured to fight recklessly!
You are too injured to fight recklessly!
You are too injured to fight recklessly!
Unknown command.
Fire: a) +0 shortbow
Press: ? - help, Q - select action Shift-Dir - straight line, f - goblin
Aim: a goblin, wielding a +0 club (strong)
You shoot an arrow. The arrow hits the goblin.
The goblin is heavily wounded.
The goblin barely misses you. Robin hits you with a +0 mace.
* * * LOW HITPOINT WARNING * * *
Fire: a) +0 shortbow
Press: ? - help, Q - select action Shift-Dir - straight line, f/p - goblin
Aim: a goblin, wielding a +0 club (heavily wounded, strong)
You shoot an arrow. The arrow barely misses the goblin.
The goblin barely misses you.
Robin points. "Kill!"
Robin barely misses you.
Do you really want to go berserk while wielding your +0 shortbow?
You fail to use your ability.
The goblin barely misses you. Robin hits you with a +0 mace!
You die...

$...................#...#
..g.......###########...#
)g.g......# #.......#...#
.g........# #.......'....
#...# #.......#.... #...#
#.......#.... #.g.#
#.......#.... ##g##
#.......##... #@#
#.......##.## #g#
#.......##.# #.#
#.......##.# #.#
#.......##.#
#.####.......##.#
#.....<.#######<#
######### ###


You could see Robin, a hobgoblin (strong) and a goblin (strong).

Vanquished Creatures
  4 gnolls (D:2)
  A bat (D:1)
  5 endoplasms
  2 giant cockroaches (D:1)
  4 goblins
  8 hobgoblins
  3 jackals (D:1)
  2 quokkas
  2 ball pythons (D:1)
  4 frilled lizards (D:1)
  2 kobolds (D:2)
  2 rats (D:1)
39 creatures vanquished.

Notes
Turn   | Place    | Note
-------+----------+-------------------------------------------
     0 | D:1      | adelrune the Tengu Hunter began the quest for the Orb.
     0 | D:1      | Reached XP level 1. HP: 12/12 MP: 2/2
   380 | D:1      | Reached XP level 2. HP: 17/17 MP: 3/3
   807 | D:1      | Reached skill level 5 in Ranged Weapons
   852 | D:1      | Found a faded altar of an unknown god.
   859 | D:1      | Reached XP level 3. HP: 19/22 MP: 4/4
   908 | D:1      | Prayed at the altar of an unknown god.
   908 | D:1      | Became a worshipper of Trog the Wrathful
   908 | D:1      | Reached * piety under Trog
  1545 | D:2      | Reached XP level 4. HP: 23/27 MP: 5/5
  1774 | D:2      | Noticed Sigmund
  2018 | D:2      | Noticed Robin
  2035 | D:2      | Slain by Robin

Illustrated notes

Levels and vault maps discovered:
D:1:      shiori_arrival_whats_in_store_for_you, layout_loops_ring,
          hellmonk_ecumenical_altar_lost_god, serial_bayou_crossing
D:2:      layout_basic, uniq_robin, uniq_sigmund

Skill      XL: |  1  2  3  4 |
---------------+-------------+-----
Ranged Weapons | 5 |  5.8
Fighting       | 3 |  3.0
Dodging        | |  2.1
Stealth        | |  1.0

Action                   |  1- 3 |  4- 6 || total
-------------------------+-------+-------++-------
 Fire: Shortbow          |    66 |    30 ||    96
Armor: Leather armour    |     3 |    11 ||    14
Dodge: Dodged            |    11 |    15 ||    26

Table legend: (Time is in decaauts)
 A = Elapsed time spent in this place.
 B = Non-inter-level travel time spent in this place.
 C = Inter-level travel time spent in this place.
 D = Time resting spent in this place.
 E = Time spent auto-exploring this place.
 F = Levels seen in this place.
 G = Mean time per level.
                   A        B        C        D        E       F      G
               +--------+--------+--------+--------+--------+-----+--------+
         Total |   2073 |   1989 |     84 |    641 |   1028 |   2 | 1036.5 |
       Dungeon |   2073 |   1989 |     84 |    641 |   1028 |   2 | 1036.5 |
               +--------+--------+--------+--------+--------+-----+--------+

Top non-repeatable levels by time:
     D:1: 1547 daAuts
     D:2: 525 daAuts
